 Dungeon Crawl Stone Soup version 0.31.0-2-g5a2aebc5c2 (webtiles) character file.

Game seed: 15008117290821304186

33023 ssalbiz the Severer (level 13, 0/122 HPs)
             Began as a Minotaur Berserker on Jan 20, 2024.
             Was a High Priest of Trog.
             Slain by a nine-headed hydra (12 damage)
             ... on level 3 of the Lair of Beasts.
             The game lasted 00:26:17 (17355 turns).

ssalbiz the Severer (Minotaur Berserker)           Turns: 17355, Time: 00:26:18

Health: 0/122      AC: 14    Str: 33    XL:     13   Next: 34%
Magic:  12/12      EV: 15    Int:  4    God:    Trog [*****.]
Gold:   816        SH:  0    Dex: 10    Spells: 12/12 levels left

rFire   + + .        P - +4 dire flail
rCold   . . .        (shield currently unavailable)
rNeg    . . .        O - +0 acid dragon scales
rPois   .            (helmet restricted)
rElec   +            G - +0 cloak
rCorr   +            N - +0 pair of gloves
SInv    .            A - +0 pair of boots of the Lost Path {rElec rF+}
Will    .....        K - amulet of regeneration
Stlth   +            j - +6 ring of strength
HPRegen 1.20/turn    s - ring of protection from fire
MPRegen 0.13/turn

%: no passive effects
@: no status effects
A: horns 2, retaliatory headbutt
a: Renounce Religion, Berserk, Trog's Hand, Brothers in Arms


You were on level 3 of the Lair of Beasts.
You worshipped Trog.
Trog was extremely pleased with you.
You visited 4 branches of the dungeon, and saw 19 of its levels.

You collected 1529 gold pieces.
You spent 713 gold pieces at shops.

Inventory:

Hand Weapons
 E - the +2 battleaxe of Summer {spect, Fly rC+}
   (You bought it in a shop on level 1 of the Orcish Mines)

   rC+:       It protects you from cold.
   Fly:       It grants you flight.
 J - a +3 antimagic battleaxe
 P - a +4 dire flail (weapon)
Missiles
 r - 18 poisoned darts (quivered)
 y - 3 throwing nets
 H - 4 curare-tipped darts
Armour
 A - the +0 pair of boots of the Lost Path (worn) {rElec rF+}
   (You bought it in a shop on level 11 of the Dungeon)

   rF+:       It protects you from fire.
   rElec:     It insulates you from electricity.
 G - a +0 cloak (worn)
 N - a +0 pair of gloves (worn)
 O - +0 acid dragon scales (worn)
Jewellery
 j - a +6 ring of strength (left hand)
 s - a ring of protection from fire (right hand)
 K - an amulet of regeneration (around neck)
Wands
 i - a wand of paralysis (39)
 z - a wand of mindburst (4)
 D - a wand of iceblast (18)
 I - a wand of flame (22)
 M - a wand of quicksilver (6)
Scrolls
 a - 3 scrolls of revelation
 d - 2 scrolls of acquirement
 e - 5 scrolls of vulnerability
 g - 2 scrolls of teleportation {unknown}
 k - 3 scrolls of noise {unknown}
 m - 2 scrolls of blinking {unknown}
 o - 5 scrolls of immolation {unknown}
 p - a scroll of silence {unknown}
 v - 3 scrolls of enchant weapon {unknown}
 w - 3 scrolls of brand weapon {unknown}
Potions
 b - a potion of invisibility
 f - a potion of enlightenment
 h - 5 potions of attraction
 l - 3 potions of lignification
 n - a potion of haste
 q - 13 potions of ambrosia
 t - 4 potions of might
 u - 7 potions of curing
 x - a potion of cancellation {unknown}
 F - a potion of heal wounds
 L - a potion of magic
Miscellaneous
 c - a sack of spiders


   Skills:
 + Level 13.3 Fighting
 - Level 16.9 Axes
 + Level 12.8 Armour
 + Level 11.8 Dodging


You had 12 spell levels left.
You didn't know any spells.
Your spell library was empty.

Dungeon Overview and Level Annotations

Branches:
Dungeon (13/15)            Temple (1/1) D:5            Lair (3/5) D:8
 Spider (0/4) Lair:2          Orc (2/2) D:10            Elf (0/3) Orc:2
  Swamp: Lair:2-3    Shoals: Lair:2-3    Vaults: D:13-14

Altars:
Ashenzari
Cheibriados
Dithmenos
Elyvilon
Fedhas
Gozag
Hepliaklqana
Kikubaaqudgha
Makhleb
Nemelex Xobeh
Okawaru
Qazlal
Ru
Sif Muna
Trog
Uskayaw
Vehumet
Wu Jian
Xom
Yredelemnul
Zin
The Shining One

Shops:
D:2 ?   D:11 [   Orc:1 (   Orc:2 ((:

Annotations:
D:3 2 transporters, 3 runed translucent doors, gelatine's ghost, amateur DsHu
Orc:1 1 runed translucent door


Innate Abilities, Weirdness & Mutations

You have a pair of horns on your head.
You reflexively headbutt those who attack you in melee.


Message History

The nine-headed hydra bites you but does no damage.
The nine-headed hydra completely misses you.
The nine-headed hydra bites you but does no damage.
The nine-headed hydra bites you. The nine-headed hydra bites you!
The nine-headed hydra bites you. The nine-headed hydra bites you! x2
* * * LOW HITPOINT WARNING * * *
You fail to use your ability.
The nine-headed hydra closely misses you.
The nine-headed hydra barely misses you.
The nine-headed hydra bites you!
* * * LOW HITPOINT WARNING * * *
The nine-headed hydra bites you but does no damage.
The nine-headed hydra bites you!
* * * LOW HITPOINT WARNING * * *
The nine-headed hydra bites you but does no damage.
The nine-headed hydra bites you.
* * * LOW HITPOINT WARNING * * *
The nine-headed hydra barely misses you.
The nine-headed hydra bites you.
* * * LOW HITPOINT WARNING * * *
Okay, then.
Okay, then.
You feel much better. The nine-headed hydra bites you.
* * * LOW HITPOINT WARNING * * *
The nine-headed hydra bites you.
* * * LOW HITPOINT WARNING * * *
The nine-headed hydra bites you.
* * * LOW HITPOINT WARNING * * *
The nine-headed hydra bites you but does no damage. x2
The nine-headed hydra bites you!
* * * LOW HITPOINT WARNING * * *
The nine-headed hydra bites you!
* * * LOW HITPOINT WARNING * * *
The nine-headed hydra bites you but does no damage.
The nine-headed hydra closely misses you.
You feel much better. The nine-headed hydra bites you!
* * * LOW HITPOINT WARNING * * *
The nine-headed hydra closely misses you.
The nine-headed hydra bites you!
You die...

##. ### ##
####..##.##.#
#...........#
#...........#
#........)..#
...........#
#.........#
#...<..D.#
....##@.# .# .
#..### .
#.##?...#####
#.......#.#.# #
#)..#.(....# ##
#..###.>...# .#
#...#.......#
.####.
...#.........#
.......
...#########..##


You could see a nine-headed hydra.

Vanquished Creatures
  Jorgrun (Orc:1)
  Harold (Lair:1)
  A catoblepas (Lair:3)
  5 two-headed ogres
  2 boulder beetles
  3 orc high priests (Orc:2)
  A sixfirhy (D:10)
  An orb spider (Lair:2)
  4 orc knights
  3 orc sorcerers (Orc:2)
  3 kobold blastminers
  A smoke demon (D:10)
  A black mamba (Lair:1)
  A torpor snail (Lair:1)
  2 cane toads (Lair:1)
  2 gargoyles
  2 komodo dragons (Lair:2)
  3 kobold demonologists (D:11)
  An unseen horror (D:11)
  An ice devil (D:10)
  4 rime drakes
  A troll (Orc:1)
  A queen bee (shapeshifter) (D:12)
  A queen bee (Lair:1)
  A polar bear (Lair:3)
  A hornet (D:10)
  3 wraiths
  2 shadows
  A basilisk (Lair:1)
  3 wargs
  22 yaks
  8 vampire mosquitoes
  2 acid dragons
  5 water moccasins
  2 black bears
  2 ice beasts (D:5)
  9 orc warriors
  7 centaurs
  3 ogres
  A phantom (D:3)
  5 kobold brigands
  5 bullfrogs
  2 gnoll sergeants
  4 scorpions
  10 wights
  34 killer bees
  7 howler monkeys
  An electric eel (Lair:3)
  A lava snake (Lair:1)
  A jelly (D:5)
  2 bombardier beetles
  13 orc priests
  A gnoll bouda (D:7)
  5 hounds
  2 iguanas (D:7)
  21 orc wizards
  19 gnolls
  11 adders
  2 ufetubi (D:5)
  2 ribbon worms (D:2)
  2 dart slugs
  51 orcs
  3 ball pythons
  4 bats
  5 endoplasms
  3 giant cockroaches
  10 goblins
  8 hobgoblins
  27 kobolds
  3 quokkas
  4 frilled lizards
  2 rats
388 creatures vanquished.

Vanquished Creatures (others)
  An ogre mage (Orc:2)
  An orc priest (Orc:2)
  A spectral weapon (Orc:1)
3 creatures vanquished.

Grand Total: 391 creatures vanquished

Notes
Turn   | Place    | Note
-------+----------+-------------------------------------------
     0 | D:1      | ssalbiz the Minotaur Berserker began the quest for the Orb.
     0 | D:1      | Reached XP level 1. HP: 19/19 MP: 0/0
    27 | D:1      | Reached skill level 4 in Axes
   135 | D:1      | Reached XP level 2. HP: 23/26 MP: 1/1
   666 | D:2      | Reached skill level 5 in Axes
   678 | D:2      | Reached XP level 3. HP: 15/31 MP: 2/2
   762 | D:2      | Found Lizarhev's Magic Scroll Emporium.
   843 | D:2      | Reached skill level 6 in Axes
   843 | D:2      | Reached XP level 4. HP: 32/39 MP: 3/3
   989 | D:2      | Reached ** piety under Trog
  1667 | D:3      | Found a transporter.
  1734 | D:3      | Found a transporter.
  1790 | D:3      | Found a burning altar of Makhleb.
  1887 | D:3      | Noticed a phantom
  1896 | D:3      | Killed a phantom
  1897 | D:3      | Reached skill level 7 in Axes
  1897 | D:3      | Reached XP level 5. HP: 45/45 MP: 4/4
  2107 | D:3      | Found a runed translucent gate.
  2107 | D:3      | Found a runed translucent gate.
  2108 | D:3      | Found a runed translucent gate.
  2136 | D:3      | Found a faded altar of an unknown god.
  2273 | D:3      | Noticed gelatine's ghost (amateur DsHu)
  2311 | D:4      | Reached skill level 8 in Axes
  2311 | D:4      | Reached XP level 6. HP: 45/51 MP: 5/5
  2933 | D:4      | Reached skill level 9 in Axes
  3522 | D:5      | Entered Level 5 of the Dungeon
  3522 | D:5      | Found a staircase to the Ecumenical Temple.
  3528 | D:5      | Reached XP level 7. HP: 48/57 MP: 6/6
  3549 | D:5      | Reached skill level 10 in Axes
  3554 | Temple   | Entered the Ecumenical Temple
  3855 | D:5      | Noticed a yak
  3857 | D:5      | Noticed a yak
  3858 | D:5      | Noticed a yak
  3860 | D:5      | Noticed a yak
  3862 | D:5      | Noticed a yak
  4261 | D:5      | Killed a yak
  4262 | D:5      | Reached skill level 11 in Axes
  4267 | D:5      | Killed a yak
  4268 | D:5      | Reached XP level 8. HP: 25/64 MP: 7/7
  4271 | D:5      | Reached skill level 12 in Axes
  4510 | D:5      | Reached skill level 13 in Axes
  5757 | D:6      | Reached skill level 14 in Axes
  5945 | D:6      | Reached XP level 9. HP: 56/70 MP: 8/8
  6529 | D:6      | Reached skill level 15 in Axes
  7194 | D:7      | Reached *** piety under Trog
  7877 | D:7      | Reached skill level 16 in Axes
  8377 | D:8      | Found a staircase to the Lair.
  8626 | D:8      | Reached skill level 5 in Fighting
  8770 | D:8      | You fall into a shaft and drop 1 floor!
  8837 | D:8      | Reached XP level 10. HP: 75/81 MP: 9/9
  9198 | D:9      | Reached **** piety under Trog
  9243 | D:9      | Reached skill level 5 in Armour
  9529 | D:9      | Noticed a two-headed ogre
  9547 | D:9      | Killed a two-headed ogre
  9548 | D:9      | Reached skill level 5 in Dodging
  9678 | D:9      | Noticed a two-headed ogre
  9688 | D:9      | Killed a two-headed ogre
 10280 | D:10     | Entered Level 10 of the Dungeon
 10280 | D:10     | Found a staircase to the Orcish Mines.
 10321 | D:10     | Noticed a smoke demon
 10327 | D:10     | Killed a smoke demon
 10358 | D:10     | Identified the maw talisman of the Gate {*Slow Int+5}
 10452 | D:10     | Identified the +1 sling of Mana {flame, *Corrode rElec SInv
                  | Stlth+}
 10516 | D:10     | Paralysed by a hornet for 1 turns
 10520 | D:10     | Reached XP level 11. HP: 7/95 MP: 0/10
 10762 | D:10     | Noticed a sixfirhy
 10766 | D:10     | Killed a sixfirhy
 10951 | D:10     | Noticed a two-headed ogre
 10958 | D:10     | Killed a two-headed ogre
 11410 | D:11     | Noticed a two-headed ogre
 11417 | D:11     | Killed a two-headed ogre
 11809 | D:11     | Found Eppy's Armour Boutique.
 11980 | D:11     | Bought a +0 pair of gloves for 67 gold pieces
 12005 | D:11     | Bought the +0 pair of boots of the Lost Path {rElec rF+}
                  | for 382 gold pieces
 12048 | D:11     | Noticed a sixfirhy
 12498 | D:11     | Reached skill level 10 in Fighting
 12623 | D:11     | Identified 2 scrolls of acquirement
 12926 | D:12     | Noticed a boulder beetle
 12939 | D:12     | Killed a boulder beetle
 13213 | D:12     | Reached skill level 10 in Armour
 13308 | D:13     | Noticed a rakshasa
 13412 | Orc:1    | Entered Level 1 of the Orcish Mines
 13423 | Orc:1    | Found Nugioxutu's Antique Weapon Emporium.
 13425 | Orc:1    | Noticed a two-headed ogre
 13435 | Orc:1    | Killed a two-headed ogre
 13445 | Orc:1    | Reached XP level 12. HP: 82/108 MP: 11/11
 13581 | Orc:1    | Bought an encrusted battleaxe for 264 gold pieces
 13581 | Orc:1    | Identified the +2 battleaxe of Summer {spect, Fly rC+} (You
                  | bought it in a shop on level 1 of the Orcish Mines)
 13647 | Orc:1    | Reached ***** piety under Trog
 13814 | Orc:1    | Noticed Jorgrun
 13828 | Orc:1    | Killed Jorgrun
 14128 | Orc:1    | Found a runed translucent door.
 14131 | Orc:1    | Noticed a balrug
 14184 | Orc:2    | Entered Level 2 of the Orcish Mines
 14190 | Orc:2    | Found a staircase to the Elven Halls.
 14212 | Orc:2    | Reached skill level 10 in Dodging
 14382 | Orc:2    | Gained mutation: You are weak. (Str -2) [a neqoxec]
 14386 | Orc:2    | Lost mutation: You are weak. (Str -2) [a neqoxec]
 14623 | Orc:2    | Noticed an orc high priest
 14623 | Orc:2    | Noticed an ogre mage
 14624 | Orc:2    | Noticed an orc high priest
 14631 | Orc:2    | Noticed an orc high priest
 15039 | Orc:2    | Received a gift from Trog
 15105 | Orc:2    | Killed an orc high priest
 15139 | Orc:2    | Killed an orc high priest
 15140 | Orc:2    | Killed an orc high priest
 15141 | Orc:2    | Killed an ogre mage
 15149 | Orc:2    | Found Gaceig's Magic Scroll Emporium.
 15149 | Orc:2    | Found Reptuis's Book Boutique.
 15165 | Orc:2    | Found Womyb's Antique Weapon Emporium.
 15165 | Orc:2    | Found Uklanir's Weapon Boutique.
 15505 | Lair:1   | Entered Level 1 of the Lair of Beasts
 15533 | Lair:1   | Noticed Harold
 15546 | Lair:1   | Killed Harold
 15655 | Lair:1   | Reached XP level 13. HP: 98/119 MP: 12/12
 15675 | Lair:1   | Found the +4 skin of Zhor {*Englaciate rC+++ SInv}
 15748 | Lair:1   | Identified the +1 plate armour of the Apprentice {rC++
                  | Dex-2}
 16545 | Lair:2   | Found a hole to the Spider Nest.
 17352 | Lair:3   | HP: 5/122 [nine-headed hydra (6)]
 17355 | Lair:3   | Slain by a nine-headed hydra

Illustrated notes

Levels and vault maps discovered:
D:1:      onia_arrival_pyramid, layout_loops_cross
D:2:      layout_basic, serial_shops, shop
D:3:      gammafunk_steamed_eel, layout_loops_ring, bloody_makhleb,
          gammafunk_ghost_necromancy, hellmonk_ecumenical_altar_arch_garden,
          minmay_randomly_rotated_circles
D:4:      layout_gridville
D:5:      layout_loops_corners, minmay_temple_entry_glass, hangedman_decor_push,
          grunt_ministairs_12, nicolae_zen_rock_garden
D:6:      layout_basic, serial_curves, eino_curves_03, eino_curves_02
D:7:      layout_basic
D:8:      layout_gridville, dpeg_oklobed_lair, kennysheep_generic_room_3
D:9:      layout_irregular_city
D:10:     layout_roguey, orc_0_dummy, serial_demonic, serial_demonic_g,
          serial_demonic_b, serial_demonic_d, serial_demonic_a,
          serial_demonic_a, serial_demonic_e, serial_demonic_c,
          kennysheep_generic_room_11
D:11:     layout_small_grid, serial_shops, shop
D:12:     layout_loops_ring, uniq_frances
D:13:     layout_rooms, monkooky_shop_alliterative, uniq_kirke
Temple:   grunt_wide_crystal_templ
Lair:1:   layout_gridlike, special_room [special_room_bee],
          hellmonk_guarded_unrand_zhor, uniq_harold
Lair:2:   layout_cave_pods, nicolae_spider_entry_orb_guardian
Lair:3:   layout_cave_pods, shoals_dummy_entry, nicolae_quartered_pool_medium,
          uniq_amaemon
Orc:1:    dreamdust_dug_too_deep, layout_diamond_mine, serial_shops, shop,
          uniq_jorgrun
Orc:2:    grunt_orc_tribal_feast, layout_diamond_mine, basic_altar,
          mines2_lemuel

Skill      XL: |  1  2  3  4  5  6  7  8  9 10 11 12 13 |
---------------+----------------------------------------+-----
Axes           | 4 5 6 7 8 9 11 14 16 | 16.9
Fighting       | 5 8 10 12 13 | 13.3
Armour         | 4 7 10 12 | 12.8
Dodging        | 3 7 9 11 | 11.8

Action                     |  1- 3 |  4- 6 |  7- 9 | 10-12 | 13-15 || total
---------------------------+-------+-------+-------+-------+-------++-------
  Melee: Hand axe          |    67 |   129 |   109 |       |       ||   305
         Headbutt          |     7 |    22 |    36 |    50 |    16 ||   131
         Punch             |     1 |     1 |     5 |     2 |       ||     9
         War axe           |       |       |   130 |   239 |       ||   369
         Battleaxe         |       |       |       |   102 |    85 ||   187
  Throw: Dart              |       |       |       |    20 |       ||    20
 Invoke: Berserk           |     2 |     3 |     6 |     8 |       ||    19
         Trog's Hand       |       |     1 |       |     2 |       ||     3
  Evoke: Wand              |       |       |     1 |       |       ||     1
    Use: Scroll            |       |       |       |    14 |     2 ||    16
         Potion            |       |       |       |       |     2 ||     2
   Stab: Paralysed         |       |       |     3 |       |       ||     3
         Distracted        |       |       |       |     1 |     1 ||     2
 Armour: Animal skin       |    27 |    79 |    51 |       |       ||   157
         Scale mail        |       |       |    83 |   135 |       ||   218
         Acid dragon scale |       |       |       |   157 |    80 ||   237
  Dodge: Dodged            |    46 |    70 |   111 |   212 |    60 ||   499
